 Dungeon Crawl Stone Soup version 0.28-a0-199-g298df9dbad (webtiles) character file.

Game seed: 15475130140591002152

67 bande the Shield-Bearer (level 4, -1/29 HPs)
             Began as a Gargoyle Fighter on Aug 20, 2021.
             Slain by a river rat (6 damage)
             ... in a sewer.
             The game lasted 00:03:46 (2641 turns).

bande the Shield-Bearer (Gargoyle Fighter)          Turns: 2641, Time: 00:03:47

Health: -1/29      AC: 10    Str: 19    XL:     4   Next: 16%
Magic:  4/4        EV:  7    Int:  9    God:
Gold:   66         SH:  8    Dex: 10    Spells: 3/3 levels left

rFire   . . .      SeeInvis .   a - +0 war axe
rCold   . . .      Faith    .   c - +0 kite shield
rNeg    + . .      Spirit   .   b - +0 scale mail
rPois   ∞          Reflect  .   (no helmet)
rElec   +          Harm     .   (no cloak)
rCorr   .          Rampage  .   (no gloves)
Will    .....                   (no boots)
Stlth   ..........              (no amulet)
HPRegen 0.09/turn               (no ring)
MPRegen 0.09/turn               (no ring)

@: no status effects
A: sickness immunity, AC +3, negative energy resistance 1, electricity
resistance, torment resistance 1, petrification resistance
a: no special abilities


You were in a sewer.
You visited 1 branch of the dungeon, and saw 4 of its levels.
You also visited: Sewer.

You collected 66 gold pieces.

Inventory:

Hand Weapons
 a - a +0 war axe (weapon)
Armour
 b - a +0 scale mail (worn)
 c - a +0 kite shield (worn)
Jewellery
 g - a ring of wizardry
Scrolls
 h - a scroll of identify
 j - a scroll of amnesia {unknown}
 l - a scroll of noise {unknown}
 m - a scroll of immolation {unknown}
Potions
 d - a potion of might
 f - 2 potions of curing
 i - a potion of haste
 k - a potion of magic


   Skills:
 + Level 3.8 Fighting
 + Level 2.7 Axes
 + Level 3.7 Armour
 + Level 0.1 Dodging
 + Level 3.9 Shields


You had 3 spell levels left.
You didn't know any spells.
Your spell library contained the following spells:

 Spells                   Type           Power      Damage    Failure   Level
 Corona                   Hex            0%         N/A       99%         1
 Ensorcelled Hibernation  Hex/Ice        0%         N/A       100%        2
 Static Discharge         Conj/Air       0%         N/A       100%        2
 Tukima's Dance           Hex            0%         N/A       100%        3
 Dispel Undead            Necr           0%         3d6       100%        4
 Sticky Flame             Conj/Fire      0%         2d3       100%        4


Dungeon Overview and Level Annotations

Branches:
Dungeon (4/15)              Sewer (1/1)
 Temple: D:4-7

Altars:
Lugonu

Shops:
D:1 [

Portals:
Abyss: D:1


Innate Abilities, Weirdness & Mutations

You are immune to sickness and miasma.
Your stone body is resilient. (AC +3)
You are immune to poison.
You resist negative energy. (rN+)
You are resistant to electric shocks. (rElec)
You are resistant to unholy torment.
You are immune to petrification.


Message History

You kill the rat!
You hit the river rat but do no damage. You barely miss the river rat.
The river rat bites you. x2; The river rat barely misses you.
The river rat bites you but does no damage.
You barely miss the river rat. You closely miss the river rat.
The river rat bites you. You block the river rat's attack.
You are too injured to fight recklessly!
You are too injured to fight recklessly!
You are too injured to fight recklessly!
You are too injured to fight recklessly!
You are too injured to fight recklessly!
You are too injured to fight recklessly!
You are too injured to fight recklessly!
Unknown command.
The river rat bites you but does no damage.
The river rat closely misses you.
The river rat bites you but does no damage.
The river rat bites you.
The river rat bites you but does no damage. x2
The river rat closely misses you. The river rat barely misses you.
You block the river rat's attack. You block the river rat's attack.
The river rat barely misses you. You block the river rat's attack.
The river rat bites you.
* * * LOW HITPOINT WARNING * * *
You block the river rat's attack. The river rat bites you.
* * * LOW HITPOINT WARNING * * *
There is an empty arch of ancient stone here.
Your shield and scale mail prevent you from hitting the river rat.
You closely miss the river rat.
The river rat bites you but does no damage.
The river rat barely misses you. The river rat bites you.
* * * LOW HITPOINT WARNING * * *
The river rat closely misses you.
You hit the river rat.
The river rat is lightly wounded.
Your shield prevents you from hitting the river rat.
The river rat bites you.
You die...

#≈≈≈≈≈≈#
#≈≈≈≈≈≈#
#≈≈≈≈≈≈#
#≈≈≈≈≈≈#
#≈≈≈≈≈≈#
#≈≈≈≈≈≈#
#..≈≈..#
#..rr..#
#..∩@..#
#......#
##....##
######


You could see 2 river rats.

Vanquished Creatures
  2 worms
  A dart slug (D:2)
  5 endoplasms
  2 giant cockroaches
  6 goblins
  7 hobgoblins
  A quokka (D:2)
  8 ball pythons
  6 bats
  2 frilled lizards
  7 kobolds
  11 rats
58 creatures vanquished.

Notes
Turn   | Place    | Note
-------+----------+-------------------------------------------
     0 | D:1      | bande the Gargoyle Fighter began the quest for the Orb.
     0 | D:1      | Reached XP level 1. HP: 14/14 MP: 1/1
   182 | D:1      | Reached XP level 2. HP: 19/19 MP: 2/2
   398 | D:1      | Found Niyth's Antique Armour Emporium.
   517 | D:1      | Found a one-way gate to the infinite horrors of the Abyss.
   517 | D:1      | Found a corrupted altar of Lugonu.
   817 | D:1      | Found a faded altar of an unknown god.
  1065 | D:1      | Reached XP level 3. HP: 21/23 MP: 3/3
  1855 | D:3      | Reached XP level 4. HP: 23/29 MP: 4/4
  2590 | D:4      | Found a glowing drain.
  2598 | Sewer    | Entered a sewer
  2641 | Sewer    | Slain by a river rat

Illustrated notes

Levels and vault maps discovered:
D:1:      erik_arrival_cave_to_civilisation [erik_arrival_cave_to_temple],
          layout_basic, shapermc_ecumenical_altar_pompeii, serial_shops, shop
D:2:      layout_basic
D:3:      layout_basic
D:4:      layout_layer_cave, cheibrodos_sewer_entry_drain, uniq_sigmund
Sewer:    sewer_minmay_w

Skill      XL: |  1  2 |
---------------+-------+-----
Axes           | 2 |  2.7
Fighting       | |  3.8
Armour         | |  3.7
Dodging        | |  0.1
Shields        | |  3.9

Action                   |  1- 3 |  4- 6 || total
-------------------------+-------+-------++-------
Melee: War axe           |   103 |    20 ||   123
  Use: Scroll            |     4 |       ||     4
Armor: Scale mail        |    59 |    19 ||    78
Dodge: Dodged            |    43 |    18 ||    61
Block: Kite shield       |    58 |    23 ||    81

Table legend: (Time is in decaauts)
 A = Elapsed time spent in this place.
 B = Non-inter-level travel time spent in this place.
 C = Inter-level travel time spent in this place.
 D = Time resting spent in this place.
 E = Time spent auto-exploring this place.
 F = Levels seen in this place.
 G = Mean time per level.
                   A        B        C        D        E       F      G
               +--------+--------+--------+--------+--------+-----+--------+
         Total |   2733 |   2733 |      0 |    403 |   1798 |   5 |  546.6 |
       Dungeon |   2672 |   2672 |      0 |    403 |   1786 |   4 |  668.0 |
         Sewer |     61 |     61 |      0 |      0 |     12 |   1 |   61.0 |
               +--------+--------+--------+--------+--------+-----+--------+

Top non-repeatable levels by time:
     D:1: 1099 daAuts
     D:3: 1025 daAuts
     D:2: 536 daAuts
   Sewer: 61 daAuts
     D:4: 10 daAuts
